Map: Oxide LE

Players

Future

  • Race: Terran Terran
  • League: Master
  • Spawn Location: 1:00

Astrea - Winner!

  • Race: Protoss Protoss
  • League: Master
  • Spawn Location: 7:00

Event: DreamHack SC2 Masters 2020 Winter

VOD

Have the link to the VOD?

Description

Time

  • Played on: Nov. 4, 2020, 3:47 p.m.
  • Length: 14:27

All games in this series

Show
View Real Time Build Order
Export as new Build Order

Future Terran 

Build Orders: Reaper Expand 

Get SALT Encoding   

  12  0:00  SCV  
  13  0:12  SCV  
  14  0:17  Supply Depot  
  14  0:24  SCV  
  15  0:39  SCV  
  15  0:40  Barracks  
  16  0:43  Refinery  
  16  0:51  SCV  
  17  1:03  SCV  
  18  1:15  SCV  
  19  1:26  Reaper  
  19  1:27  Orbital Command  
  20  1:44  Command Center  
  20  1:52  SCV  
  20  1:54  Supply Depot  
  21  1:58  Marine  
  22  2:04  SCV  
  23  2:10  Factory  
  23  2:17  SCV  
  23  2:21  Bunker  
  23  2:22  Barracks Reactor  
  24  2:29  SCV  
  25  2:38  Refinery  
  25  2:41  SCV  
  26  2:53  SCV  
  26  2:54  Hellion  
  26  2:57  Orbital Command  
  29  2:59  Starport  
  29  3:01  Marine  
  29  3:02  Marine  
  31  3:06  SCV  
  32  3:17  Factory Tech Lab  
  32  3:18  SCV  
  32  3:19  Marine x2  
  34  3:23  SCV  
  36  3:30  SCV  
  36  3:33  Barracks  
  37  3:35  SCV  
  37  3:40  Barracks  
  38  3:42  SCV, Factory Tech Lab  
  38  3:47  Raven  
  38  3:48  SCV  
  42  3:49  Supply Depot  
  42  3:54  SCV  
  43  4:00  SCV, Engineering Bay  
  42  4:05  Marine x2  
  42  4:07  SCV  
  45  4:12  SCV  
  45  4:15  Supply Depot  
  45  4:19  SCV  
  45  4:21  Factory Reactor  
  46  4:24  SCV, Marine x2  
  46  4:26  Refinery  
  46  4:27  Terran Infantry Weapons Level 1  
  46  4:31  SCV  
  50  4:35  Stimpack  
  50  4:38  SCV  
  50  4:39  Supply Depot  
  50  4:41  Marine x2  
  50  4:42  Marine x2  
  50  4:43  SCV, Starport Reactor  
  56  4:49  Refinery  
  56  4:50  SCV  
  57  4:54  Supply Depot  
  57  4:55  SCV  
  57  4:59  Combat Shield  
  60  5:00  Marine x2  
  60  5:02  SCV  
  60  5:04  Marauder  
  60  5:05  Marauder  
  65  5:07  SCV  
  70  5:19  SCV x2  
  72  5:22  Marine x2, Supply Depot  
  72  5:23  Supply Depot  
  72  5:28  Marauder x2  
  78  5:32  Medivac x2  
  78  5:38  Supply Depot  
  78  5:39  Factory Tech Lab  
  78  5:44  Marine x2  
  78  5:49  Marauder  
  84  5:50  Marauder  
  84  5:52  Command Center  
  83  6:01  Marine x2  
  83  6:02  SCV x2  
  83  6:03  Medivac x2  
  91  6:11  Marauder x2  
  95  6:13  Supply Depot  
  95  6:14  SCV x2  
  95  6:15  Supply Depot  
  97  6:19  Marine x2  
  97  6:22  Terran Infantry Armor Level 1  
  94  6:33  Marauder  
  94  6:34  Marauder  
  94  6:35  SCV x2  
  98  6:45  Siege Tank  
  89  6:47  SCV x2  
  89  6:48  Barracks  
  89  6:49  Barracks  
  82  6:55  Marine, Marauder  
  82  6:56  Marine, Marauder  
  82  6:59  SCV x2  
  83  7:11  SCV x2  
  83  7:14  Viking x2  
  88  7:21  Marine x2, Marauder x2  
  94  7:23  SCV x2  
  94  7:26  Orbital Command  
  96  7:31  Siege Tank  
  99  7:37  Barracks Tech Lab  
  99  7:39  Marine x2  
  99  7:43  Marauder x2  
  105  7:44  Viking  
  105  7:46  Viking  
  105  7:47  Concussive Shells  
  105  7:49  Marine x2  
  111  7:54  Supply Depot  
  111  7:56  Marauder  
  111  7:58  Marine x2  
  113  8:03  Siege Tank  
  113  8:04  Marauder  
  120  8:07  Marauder  
  120  8:08  Marine x2  
  124  8:14  Viking  
  124  8:16  Viking  
  124  8:17  Marine x2  
  124  8:18  Marauder  
  132  8:22  Supply Depot x2  
  132  8:26  Marauder  
  132  8:30  Marauder  
  132  8:32  Marine x2  
  134  8:35  Marine x2, Siege Tank  
  134  8:39  Marauder, Supply Depot  
  141  8:42  Supply Depot  
  141  8:43  Missile Turret x2  
  141  8:44  Viking  
  141  8:46  Viking  
  149  8:55  Marauder x2, Marine x2  
  149  8:56  Marine x2  
  149  9:00  Marauder  
  148  9:17  Marauder x2, Marine  
  148  9:22  Marauder  
  142  9:29  Marine x2  
  142  9:30  Siege Tank  
  130  9:38  Marine x2, Marauder x2  
  131  9:43  Marauder  
  132  9:50  Marine  
  126  9:57  Marine, Orbital Command  
  126  9:59  Marauder  
  120  10:00  Marauder  
  120  10:04  Marauder  
  110  10:14  Siege Tank  
  113  10:21  Marauder x2  
  117  10:24  SCV x2  
  117  10:25  SCV  
  117  10:26  Marine x4, Marauder  
  126  10:34  Medivac x2  
  128  10:40  SCV x2  
  128  10:41  SCV  
  128  10:42  Marauder  
  133  10:44  Missile Turret  
  133  10:47  Siege Tank  
  133  10:48  Marauder x2  
  140  10:53  Marine  
  140  10:54  Marine x2  
  143  11:04  Marauder, Medivac x2  
  145  11:08  Supply Depot x3  
  145  11:10  Supply Depot  
  149  11:12  Marauder x2  
  149  11:15  Marine x3  
  149  11:17  Marine  
  157  11:30  Marauder  
  157  11:37  Marauder x2, Reaper  
  160  11:42  Marine x2  
  160  11:51  Marauder  
  162  11:56  Marine  
  162  11:58  Marauder x2  
  162  12:00  Marine  
  159  12:13  Marauder  
  157  12:18  Marine x2  
  157  12:19  Marine x2  
  157  12:20  Marauder x2, Siege Tank  
  167  12:34  Marauder  
  167  12:36  Marine x4  
  169  12:41  Marauder x2  
  146  12:54  Marine x3  
  146  12:55  Marine, Siege Tank  
  146  12:56  Marauder  
  129  13:02  Marauder  
  129  13:03  Marauder  
  114  13:12  Marine x4  
  102  13:17  Marauder, Barracks  
  102  13:18  Barracks  
  105  13:20  Barracks  
  105  13:23  SCV x3  
  105  13:24  Marauder x2  
  112  13:27  Siege Tank  
  112  13:29  Marine  
  116  13:35  SCV x3  
  116  13:38  Marauder  
  89  13:45  Marauder x2  
  89  13:47  SCV  
  89  14:00  Marauder  
Show
View Real Time Build Order
Export as new Build Order

Astrea Protoss - Winner!

Build Orders: 1 Gate Expand, Blink Stalkers, Colossus Rush 

Get SALT Encoding   

  12  0:00  Probe  
  13  0:12  Probe  
  14  0:16  Pylon  
  14  0:24  Probe (Chrono Boost)  
  15  0:35  Gateway  
  16  0:36  Probe (Chrono Boost)  
  16  0:42  Probe (Chrono Boost)  
  16  0:45  Assimilator  
  17  0:51  Probe  
  18  1:03  Probe  
  19  1:15  Probe  
  20  1:22  Cybernetics Core  
  20  1:31  Nexus  
  20  1:34  Probe  
  21  1:41  Pylon  
  21  1:46  Probe  
  22  1:52  Assimilator  
  22  1:56  Adept (Chrono Boost)  
  22  1:58  Probe  
  25  2:02  Warp Gate  
  25  2:10  Probe  
  26  2:17  Stalker (Chrono Boost)  
  28  2:23  Probe  
  29  2:35  Twilight Council, Probe  
  30  2:42  Stalker  
  32  2:44  Probe (Chrono Boost)  
  34  2:52  Probe (Chrono Boost)  
  34  2:56  Probe (Chrono Boost)  
  35  3:01  Probe x2 (Chrono Boost)  
  35  3:05  Gateway  
  37  3:06  Blink (Chrono Boost)  
  37  3:10  Probe  
  37  3:11  Probe  
  39  3:22  Probe  
  39  3:23  Probe  
  41  3:29  Pylon  
  41  3:34  Probe  
  41  3:35  Probe  
  41  3:36  Robotics Facility  
  43  3:47  Probe x2  
  45  3:50  Sentry  
  47  3:59  Probe  
  47  4:00  Nexus  
  47  4:02  Pylon  
  48  4:03  Stalker  
  48  4:04  Probe  
  48  4:08  Phoenix  
  51  4:11  Probe  
  51  4:16  Assimilator, Probe  
  53  4:17  Assimilator  
  53  4:20  Stalker  
  53  4:23  Observer  
  56  4:25  Probe  
  56  4:27  Pylon  
  56  4:28  Probe  
  58  4:37  Probe  
  59  4:41  Probe  
  59  4:43  Robotics Bay  
  60  4:48  Gateway  
  60  4:49  Probe  
  60  4:50  Gateway  
  61  4:53  Probe  
  61  4:57  Observer  
  61  4:58  Charge (Chrono Boost)  
  63  5:01  Probe  
  63  5:03  Pylon  
  63  5:05  Probe  
  65  5:13  Probe x2  
  67  5:17  Stalker x2, Probe  
  72  5:25  Probe x2  
  72  5:26  Colossus (Chrono Boost)  
  74  5:29  Observer, Probe  
  81  5:37  Probe x2  
  81  5:39  Gateway  
  81  5:40  Gateway  
  81  5:41  Observer, Probe  
  84  5:46  Gateway x2  
  84  5:47  Extended Thermal Lance  
  84  5:50  Observer  
  84  5:56  Observer  
  84  6:09  Shield Battery  
  84  6:10  Colossus (Chrono Boost)  
  84  6:11  Pylon  
  90  6:16  Pylon  
  90  6:21  Sentry  
  92  6:30  Stalker x3  
  86  6:34  Probe  
  86  6:36  Pylon  
  86  6:37  Zealot x2  
  84  6:42  Zealot x2  
  84  6:45  Probe  
  84  6:46  Probe, Sentry  
  73  6:53  Probe  
  68  6:56  Stalker x3  
  68  6:58  Zealot x2, Probe x2  
  75  7:05  Probe  
  75  7:07  Stalker x2  
  74  7:11  Colossus (Chrono Boost)  
  72  7:16  Probe x2 (Chrono Boost)  
  72  7:17  Probe (Chrono Boost)  
  72  7:20  Shield Battery  
  72  7:22  Observer  
  81  7:27  Zealot, Sentry  
  81  7:28  Probe (Chrono Boost)  
  81  7:29  Zealot, Probe x2 (Chrono Boost)  
  90  7:34  Probe x3 (Chrono Boost)  
  93  7:39  Sentry  
  93  7:42  Probe x2  
  93  7:43  Probe  
  98  7:48  Assimilator  
  98  7:52  Assimilator  
  98  7:53  Forge x2  
  98  7:54  Probe  
  99  7:59  Warp Prism (Chrono Boost)  
  99  8:02  Probe  
  102  8:17  Robotics Facility  
  102  8:20  Dark Shrine  
  102  8:26  Pylon  
  100  8:28  Protoss Ground Armor Level 1 (Chrono Boost)  
  100  8:30  Protoss Ground Weapons Level 1 (Chrono Boost)  
  100  8:32  Zealot  
  100  8:33  Zealot x6  
  108  8:42  Photon Cannon, Disruptor (Chrono Boost)  
  108  8:44  Pylon  
  110  8:56  Stalker x3  
  110  8:59  Pylon  
  110  9:00  Pylon  
  114  9:14  Disruptor (Chrono Boost)  
  114  9:15  Stalker x5  
  123  9:18  Disruptor (Chrono Boost)  
  96  9:36  Stalker x3  
  96  9:38  Stalker x4  
  110  9:40  Zealot  
  91  10:08  Stalker x5  
  101  10:19  Nexus  
  96  10:27  Disruptor  
  98  10:30  Observer  
  98  10:34  Dark Templar x2  
  100  10:43  Pylon  
  100  10:47  Dark Templar  
  102  10:56  Disruptor  
  104  11:07  Stalker x2  
  104  11:08  Zealot x3  
  114  11:12  Zealot  
  114  11:18  Observer  
  116  11:20  Sentry  
  116  11:25  Pylon x2  
  118  11:30  Observer  
  116  11:36  Photon Cannon  
  116  11:37  Assimilator, Shield Battery, Protoss Ground Weapons Level 2 (Chrono Boost), Protoss Ground Armor Level 2 (Chrono Boost)  
  110  12:06  Dark Templar x2  
  114  12:12  Zealot x6  
  124  12:21  Disruptor x2  
  127  12:38  Zealot x5  
  127  12:39  Zealot x2  
  137  12:47  Dark Templar  
  113  12:59  Stalker x4  
  113  13:00  Stalker  
  113  13:11  Observer  
  96  13:27  Sentry x2  
  96  13:30  Dark Templar  
  96  13:32  Nexus  
  102  13:37  Stalker x4  
Tags
 
Add a new tag
Caveats
  • Supply blocks, unpowered buildings, or Contaminate may cause inaccurate times.
  • Supply counts are checked every 10 seconds.